 Dungeon Crawl Stone Soup version 0.29-a0-317-gd16b76e6b1 (webtiles) character file.

Game seed: 13243512218223752603

1403 sanka the Ducker (level 8, -5/67 HPs)
             Began as a Gnoll Monk on Mar 30, 2022.
             Was an Initiate of Ru.
             Killed from afar by a steam dragon (13 damage)
             ... with a ball of steam
             ... on level 5 of the Dungeon on Mar 31, 2022.
             The game lasted 00:10:22 (8174 turns).

sanka the Ducker (Gnoll Monk)                       Turns: 8174, Time: 00:10:23

Health: -5/67      AC:  5    Str: 12    XL:     8   Next: 69%
Magic:  13/13      EV: 16    Int:  9    God:    Ru [......]
Gold:   142        SH:  0    Dex: 16    Spells: 14/14 levels left

rFire   . . .      SeeInvis .   a - +0 war axe
rCold   . . .      Faith    .   (no shield)
rNeg    . . .      Spirit   .   x - +0 robe
rPois   .          Reflect  .   y - +0 helmet
rElec   .          Harm     .   z - +1 cloak {Stlth+}
rCorr   .          Rampage  .   (no gloves)
Will    .....                   (no boots)
Stlth   ..........              (no amulet)
HPRegen 0.21/turn               (no ring)
MPRegen 0.13/turn               q - ring of wizardry

@: no status effects
A: fangs 1, no stealth, strong nose, distributed training
a: Renounce Religion


You were on level 5 of the Dungeon.
You worshipped Ru.
Ru was noncommittal.
You visited 2 branches of the dungeon, and saw 6 of its levels.

You collected 307 gold pieces.
You spent 165 gold pieces at shops.


Innate Abilities, Weirdness & Mutations

You have very sharp teeth.
You cannot be stealthy.
Your uncanny sense of smell can sniff out nearby items.
Your experience applies equally to all skills.


   Skills:
 + Level 7.5 Fighting
 + Level 3.5 Short Blades
 + Level 3.5 Long Blades
 + Level 7.5 Axes
 + Level 3.5 Maces & Flails
 + Level 3.5 Polearms
 + Level 3.5 Staves
 + Level 3.5 Slings
 + Level 3.5 Bows
 + Level 3.5 Crossbows
 + Level 3.5 Throwing
 + Level 3.5 Armour
 + Level 7.5 Dodging
   Level 0.0 Stealth
 + Level 3.5 Shields
 + Level 3.5 Unarmed Combat
 + Level 3.5 Spellcasting
 + Level 2.8 Conjurations
 + Level 2.8 Hexes
 + Level 2.8 Summonings
 + Level 2.8 Necromancy
 + Level 2.8 Translocations
 + Level 2.8 Transmutations
 + Level 2.8 Fire Magic
 + Level 2.8 Ice Magic
 + Level 2.8 Air Magic
 + Level 2.8 Earth Magic
 + Level 2.8 Poison Magic
 + Level 3.8 Invocations
 + Level 3.5 Evocations


You had 14 spell levels left.
You didn't know any spells.
Your spell library contained the following spells:

 Spells                   Type           Power      Damage    Failure   Level
 Magic Dart               Conj           24%        1d4       3%          1
 Call Imp                 Summ           6%         N/A       5%          2
 Mephitic Cloud           Conj/Pois/Air  6%         N/A       11%         3
 Tukima's Dance           Hex            6%         N/A       11%         3
 Passage of Golubria      Tloc           6%         N/A       32%         4
 Yara's Violent Unravell  Hex/Tmut       3%         3d4       65%         5

Inventory:

Hand Weapons
 a - a +0 war axe (weapon)
 b - a +2 vorpal hand axe
 t - a +0 halberd
 v - a +0 hand axe
 F - the +6 spear "Hytasot" {vorpal, +Blink rN+ Int-4}

   It inflicts extra damage upon your enemies.
   Int:       It affects your intelligence (-4).
   rN:        It protects you from negative energy.
   +Blink:    It lets you blink.
Missiles
 l - 3 poisoned darts (quivered)
Armour
 x - a +0 robe (worn)
 y - a +0 helmet (worn)
 z - a +1 cloak of stealth (worn)
 C - a +2 helmet
 D - a +0 pair of gloves
Magical Staves
 G - a staff of cold
Jewellery
 q - a ring of wizardry (right hand)
Wands
 I - a wand of polymorph (3)
Scrolls
 e - 6 scrolls of identify {unknown}
 h - a scroll of enchant armour {unknown}
 i - 2 scrolls of summoning {unknown}
 j - a scroll of noise {unknown}
 o - 2 scrolls of enchant weapon {unknown}
 p - a scroll of magic mapping {unknown}
 s - a scroll of fog {unknown}
 u - a scroll of fear {unknown}
 w - 4 scrolls of vulnerability {unknown}
 A - 2 scrolls of teleportation {unknown}
 E - a scroll of brand weapon {unknown}
 H - a scroll of torment {unknown}
Potions
 c - a potion of ambrosia
 d - 2 potions of berserk rage {unknown}
 f - 2 potions of haste {unknown}
 g - a potion of attraction {unknown}
 k - 3 potions of curing {unknown}
 m - a potion of brilliance {unknown}
 n - 3 potions of lignification {unknown}
 r - a potion of heal wounds {unknown}
 B - 2 potions of degeneration {unknown}

Dungeon Overview and Level Annotations

Branches:
Dungeon (5/15)             Temple (1/1) D:5

Altars:
Dithmenos
Elyvilon
Fedhas
Gozag
Kikubaaqudgha
Makhleb
Nemelex Xobeh
Okawaru
Qazlal
Ru
Uskayaw
Vehumet
Wu Jian
Yredelemnul
The Shining One

Shops:
D:1 =   D:2 [ D:4

* ▒.▒
▒.▒▒▒▒ ∆
▒.....
▒▒▒
▒▒▒..▒▒▒
▒..
▒....▒
▒.▒
▒.▒▒.▒
▒.▒
▒.▒▒.▒
▒D▒
▒.▒▒.▒
▒g▒
▒.▒▒.▒▒▒
▒[▒
▒.......
▒.▒
▒▒▒▒.▒▒▒
▒.▒ ▒.▒ ▒
▒.▒ ▒.▒ ▒
▒.▒ ▒.▒ ▒
▒†▒ ▒.▒▒▒
▒.▒▒▒▒▒▒▒
▒.▒▒.
▒.......▒
▒.▒.▒


You could see a steam dragon (catching breath).


Message History

The steam dragon bites you.
* * * LOW HITPOINT WARNING * * *
The steam dragon barely misses you.
You barely miss the steam dragon.
The steam dragon is severely wounded.
You are engulfed in a cloud of scalding steam.
* * * LOW HITPOINT WARNING * * *
The steam dragon bites you.
* * * LOW HITPOINT WARNING * * *
The steam dragon claws you but does no damage.
Unknown command.
You hit the steam dragon.
The steam dragon is severely wounded.
The steam dragon bites you but does no damage.
The steam dragon claws you.
* * * LOW HITPOINT WARNING * * *
Unknown command.
You barely miss the steam dragon.
The steam dragon is severely wounded.
The steam dragon misses you. The steam dragon barely misses you.
The steam dragon barely misses you. The steam dragon claws you.
* * * LOW HITPOINT WARNING * * *
You hit the steam dragon.
You bite the steam dragon, but do no damage.
The steam dragon is almost dead.
The steam dragon breathes steam at you. The ball of steam hits you!
You die...

Action                   |  1- 3 |  4- 6 |  7- 9 || total
-------------------------+-------+-------+-------++-------
Melee: Hand axe          |    89 |    88 |    69 ||   246
       Bite              |    10 |    14 |    16 ||    40
       Punch             |     1 |     1 |     7 ||     9
       Spear             |       |    63 |       ||    63
       War axe           |       |       |   120 ||   120
Throw: Dart              |       |    13 |    13 ||    26
       Throwing net      |       |     1 |       ||     1
Invok: Sacrifice Stealth |       |       |     1 ||     1
 Stab: Sleeping          |     8 |    11 |     1 ||    20
       Distracted        |       |     1 |       ||     1
Armor: Robe              |    10 |    12 |    30 ||    52
Dodge: Dodged            |    54 |   108 |   151 ||   313

Levels and vault maps discovered:
D:1:      zelgadis_glass_arrival_small, layout_loops_ring, serial_shops,
          nicolae_shop_waterfront, hangedman_decor_push
D:2:      layout_basic, shapermc_ecumenical_altar_acropolis, serial_shops, shop
D:3:      layout_loops_corners, grunt_decor_fettered, hangedman_decor_points
D:4:      cheibrodos_helix_gallery, layout_basic, mainiacjoe_overflow_alcove_4,
          nicolae_elemental_shop, uniq_natasha
D:5:      layout_loops_ring, lemuel_temple_firewalk_b
Temple:   jpeg_temple_clearing

Notes
Turn   | Place    | Note
-------+----------+-------------------------------------------
     0 | D:1      | sanka the Gnoll Monk began the quest for the Orb.
     0 | D:1      | Reached XP level 1. HP: 23/23 MP: 1/1
   231 | D:1      | Reached XP level 2. HP: 24/29 MP: 2/2
   440 | D:1      | Found Kaxi's Jewellery Shoppe.
   927 | D:2      | Reached XP level 3. HP: 35/35 MP: 3/3
  1266 | D:2      | Reached skill level 1 in Invocations
  1280 | D:2      | Reached skill level 1 in Short Blades
  1280 | D:2      | Reached skill level 1 in Long Blades
  1280 | D:2      | Reached skill level 1 in Maces & Flails
  1280 | D:2      | Reached skill level 1 in Polearms
  1280 | D:2      | Reached skill level 1 in Staves
  1280 | D:2      | Reached skill level 1 in Slings
  1280 | D:2      | Reached skill level 1 in Bows
  1280 | D:2      | Reached skill level 1 in Crossbows
  1280 | D:2      | Reached skill level 1 in Throwing
  1280 | D:2      | Reached skill level 1 in Armour
  1280 | D:2      | Reached skill level 1 in Shields
  1280 | D:2      | Reached skill level 1 in Unarmed Combat
  1280 | D:2      | Reached skill level 1 in Spellcasting
  1280 | D:2      | Reached skill level 1 in Evocations
  1291 | D:2      | Reached XP level 4. HP: 10/41 MP: 5/5
  1810 | D:2      | Reached skill level 1 in Conjurations
  1810 | D:2      | Reached skill level 1 in Hexes
  1810 | D:2      | Reached skill level 1 in Summonings
  1810 | D:2      | Reached skill level 1 in Necromancy
  1810 | D:2      | Reached skill level 1 in Translocations
  1810 | D:2      | Reached skill level 1 in Transmutations
  1810 | D:2      | Reached skill level 1 in Fire Magic
  1810 | D:2      | Reached skill level 1 in Ice Magic
  1810 | D:2      | Reached skill level 1 in Air Magic
  1810 | D:2      | Reached skill level 1 in Earth Magic
  1810 | D:2      | Reached skill level 1 in Poison Magic
  2044 | D:2      | Found a faded altar of an unknown god.
  2056 | D:2      | Found Hiegefiha's Armour Boutique.
  2162 | D:3      | Reached XP level 5. HP: 20/47 MP: 6/6
  2557 | D:3      | Identified the +6 spear "Hytasot" {vorpal, +Blink rN+
                  | Int-4}
  3066 | D:2      | Bought a +1 cloak of stealth for 165 gold pieces
  3410 | D:4      | Noticed an ogre
  3649 | D:4      | Found Afiplimm's Elemental Accessories.
  4322 | D:4      | Reached skill level 2 in Invocations
  4322 | D:4      | Reached XP level 6. HP: 50/53 MP: 8/8
  4330 | D:4      | Noticed Natasha
  4847 | D:4      | HP: 4/53 [gnoll sergeant/+0 spear (9)]
  4849 | D:4      | Reached skill level 2 in Short Blades
  4849 | D:4      | Reached skill level 2 in Long Blades
  4849 | D:4      | Reached skill level 2 in Maces & Flails
  4849 | D:4      | Reached skill level 2 in Polearms
  4849 | D:4      | Reached skill level 2 in Staves
  4849 | D:4      | Reached skill level 2 in Slings
  4849 | D:4      | Reached skill level 2 in Bows
  4849 | D:4      | Reached skill level 2 in Crossbows
  4849 | D:4      | Reached skill level 2 in Throwing
  4849 | D:4      | Reached skill level 2 in Armour
  4849 | D:4      | Reached skill level 2 in Shields
  4849 | D:4      | Reached skill level 2 in Unarmed Combat
  4849 | D:4      | Reached skill level 2 in Spellcasting
  4849 | D:4      | Reached skill level 2 in Evocations
  5154 | D:4      | Noticed a sky beast
  5444 | D:3      | Killed a sky beast
  5445 | D:3      | Reached XP level 7. HP: 18/59 MP: 10/10
  5688 | D:4      | Reached skill level 7 in Fighting
  5688 | D:4      | Reached skill level 7 in Axes
  5688 | D:4      | Reached skill level 7 in Dodging
  5750 | D:4      | Killed Natasha
  5751 | D:4      | Reached skill level 2 in Conjurations
  5751 | D:4      | Reached skill level 2 in Hexes
  5751 | D:4      | Reached skill level 2 in Summonings
  5751 | D:4      | Reached skill level 2 in Necromancy
  5751 | D:4      | Reached skill level 2 in Translocations
  5751 | D:4      | Reached skill level 2 in Transmutations
  5751 | D:4      | Reached skill level 2 in Fire Magic
  5751 | D:4      | Reached skill level 2 in Ice Magic
  5751 | D:4      | Reached skill level 2 in Air Magic
  5751 | D:4      | Reached skill level 2 in Earth Magic
  5751 | D:4      | Reached skill level 2 in Poison Magic
  6267 | D:4      | Noticed Natasha
  6281 | D:4      | Killed Natasha
  6326 | D:4      | Noticed Natasha
  6334 | D:4      | Killed Natasha
  6427 | D:4      | Reached skill level 5 in Stealth
  6427 | D:4      | Reached skill level 3 in Invocations
  6578 | D:4      | Found a stormy altar of Qazlal.
  6711 | D:5      | Entered Level 5 of the Dungeon
  6724 | D:5      | Reached XP level 8. HP: 56/67 MP: 12/12
  6869 | D:5      | Found a staircase to the Ecumenical Temple.
  6878 | Temple   | Entered the Ecumenical Temple
  6975 | Temple   | Became a worshipper of Ru the Awakened
  6990 | Temple   | Gained mutation: You cannot be stealthy. [Ru sacrifice]
  6990 | Temple   | Reduced skill Stealth to level 0
  7068 | D:5      | Reached skill level 3 in Short Blades
  7068 | D:5      | Reached skill level 3 in Long Blades
  7068 | D:5      | Reached skill level 3 in Maces & Flails
  7068 | D:5      | Reached skill level 3 in Polearms
  7068 | D:5      | Reached skill level 3 in Staves
  7068 | D:5      | Reached skill level 3 in Slings
  7068 | D:5      | Reached skill level 3 in Bows
  7068 | D:5      | Reached skill level 3 in Crossbows
  7068 | D:5      | Reached skill level 3 in Throwing
  7068 | D:5      | Reached skill level 3 in Armour
  7068 | D:5      | Reached skill level 3 in Shields
  7068 | D:5      | Reached skill level 3 in Unarmed Combat
  7068 | D:5      | Reached skill level 3 in Spellcasting
  7068 | D:5      | Reached skill level 3 in Evocations
  8174 | D:5      | Killed from afar by a steam dragon

Vanquished Creatures
  A sky beast (D:3)
  2 ogres (D:4)
  A phantom (D:5)
  A gnoll sergeant (D:4)
  4 scorpions (D:5)
  3 killer bees (D:5)
  A howler monkey (D:5)
  A hound (D:5)
  3 orc priests
  3 orc wizards
  4 iguanas
  Natasha (thrice) (D:4)
  10 gnolls
  5 adders
  An ufetubus (D:4)
  2 worms
  4 dart slugs
  12 orcs
  3 bats
  5 endoplasms
  6 giant cockroaches
  10 goblins
  5 hobgoblins
  2 jackals (D:5)
  6 kobolds
  3 quokkas
  5 ball pythons
  5 frilled lizards
  5 rats
116 creatures vanquished.

Vanquished Creatures (others)
  2 adders (D:5)
  7 plants
9 creatures vanquished.

Grand Total: 125 creatures vanquished
